 Dungeon Crawl Stone Soup version 0.21.1-1-g345015f (webtiles) character file.

74 olivier the Insei (level 3, -4/28 HPs)
             Began as a Demigod Transmuter on June 1, 2018.
             Slain by a worm (11 damage)
             ... on level 2 of the Dungeon.
             The game lasted 00:09:23 (1952 turns).

olivier the Insei (Demigod Transmuter)              Turns: 1952, Time: 00:09:23

Health: -4/28      AC:  2    Str: 13    XL:     3   Next: 86%
Magic:  8/9        EV: 13    Int: 19    God:
Gold:   70         SH:  0    Dex: 16    Spells: 3/6 levels left

rFire    . . .     SeeInvis .     - Unarmed
rCold    . . .     Gourm    .   (no shield)
rNeg     . . .     Faith    .   b - +0 robe
rPois    .         Spirit   .   (no helmet)
rElec    .         Reflect  .   (no cloak)
rCorr    .         Harm     .   (no gloves)
MR       .....                  (boots currently unavailable)
Stlth    ++........             (no amulet)
HPRegen  0.09/turn              (no ring)
MPRegen  0.11/turn              (no ring)

@: appendage, very slightly contaminated
A: talons 3, high mp 1
a: End Transformation


You were on level 2 of the Dungeon.
You were hungry.
You had grown temporary talons.
You visited 1 branch of the dungeon, and saw 2 of its levels.

You collected 70 gold pieces.

Inventory:

Hand Weapons
 i - a +0 hunting sling
Missiles
 a - 10 arrows
 j - 79 stones (quivered)
Armour
 b - a +0 robe (worn)
Scrolls
 f - a scroll of identify {unknown}
 g - 2 scrolls of teleportation {unknown}
 k - a scroll of magic mapping {unknown}
 l - a scroll of amnesia {unknown}
 m - a scroll of immolation {unknown}
 n - a scroll of remove curse {unknown}
Potions
 e - a potion of haste {unknown}
 h - 2 potions of flight {unknown}
Books
 c - a book of Changes

   Spells                             Type                      Level
   a - Beastly Appendage              Transmutation                1
   b - Sticks to Snakes               Transmutation                2
   c - Spider Form                    Transmutation/Poison         3
   d - Ice Form                       Ice/Transmutation            4
   e - Blade Hands                    Transmutation                5
Comestibles
 d - 7 rations


   Skills:
 + Level 1.0 Fighting
 + Level 2.2 Dodging
 + Level 0.3 Stealth
 + Level 3.4 Unarmed Combat
 + Level 2.2 Spellcasting
 + Level 2.4 Transmutations


You had 3 spell levels left.
You knew the following spells:

 Your Spells              Type           Power        Failure   Level  Hunger
a - Beastly Appendage     Tmut           ##....       6%          1    #......
b - Sticks to Snakes      Tmut           ##......     9%          2    ##.....


Dungeon Overview and Level Annotations

Branches:
Dungeon (2/15)


Innate Abilities, Weirdness & Mutations

You have an increased reservoir of magic. (+10% MP)
You have claws for feet.


Message History

You barely miss the worm.
The worm is moderately wounded.
The worm bites you!
You are too injured to fight recklessly!
Casting: Beastly Appendage
Confirm with . or Enter, or press ? or * to list all spells.
Your feet morph into talons.
You are too injured to fight recklessly!
You are too injured to fight recklessly!
You are too injured to fight recklessly!
You are too injured to fight recklessly!
You are too injured to fight recklessly!
You hit the worm. You claw the worm.
The worm is heavily wounded.
The worm bites you.
* * * LOW HITPOINT WARNING * * *
You hit the worm but do no damage. You claw the worm!
The worm is severely wounded.
The worm bites you!
You die...

## ..#
##############...#
#...........@w...#
#.###########....#
###.########
.....#
###..#........
.....#
...<#.########
.%...# ......#
...### .######
...# .# #.## .#


You could see a worm.

Vanquished Creatures
  3 adders (D:2)
  A dart slug (D:1)
  A giant cockroach (D:2)
  6 goblins
  2 hobgoblins
  7 jackals
  A ball python (D:1)
  6 bats (D:2)
  2 frilled lizards (D:2)
  6 kobolds (D:2)
  13 rats
48 creatures vanquished.

Notes
Turn   | Place    | Note
-------+----------+-------------------------------------------
     0 | D:1      | olivier the Demigod Transmuter began the quest for the Orb.
     0 | D:1      | Reached XP level 1. HP: 15/15 MP: 5/5
   527 | D:1      | Reached XP level 2. HP: 15/22 MP: 4/7
   647 | D:1      | Reached skill level 3 in Unarmed Combat
  1185 | D:2      | Reached XP level 3. HP: 19/27 MP: 8/8
  1303 | D:2      | Reached skill level 1 in Fighting
  1813 | D:2      | Learned a level 2 spell: Sticks to Snakes
  1952 | D:2      | Slain by a worm

Skill      XL: |  1  2  3 |
---------------+----------+-----
Transmutations | 2 |  2.4
Dodging        | 2 |  2.2
Unarmed Combat | 3 |  3.4
Spellcasting   | 2 |  2.2
Fighting       | 1 |  1.0
Stealth        | |  0.3

Action                   || total
-------------------------++-------
Melee: Unarmed           ||   146
       Kick              ||    15
       Punch             ||     3
       Headbutt          ||     9
 Cast: Beastly Appendage ||    31
       Sticks to Snakes  ||     2
 Stab: Sleeping          ||     2
  Eat: Ration            ||     1
Armor: Robe              ||    20
Dodge: Dodged            ||    97
